 Dungeon Crawl Stone Soup version 0.26.0-10-g1f06aea511 (webtiles) character file.

Game seed: 5411025405508560219

78515 MisterFreud the Warrior (level 15, -25/147 HPs)
             Began as a Minotaur Fighter on Jan 17, 2021.
             Killed from afar by a fire giant (56 damage)
             ... with a bolt of fire
             ... on level 15 of the Dungeon.
             The game lasted 00:34:54 (28859 turns).

MisterFreud the Warrior (Minotaur Fighter)         Turns: 28859, Time: 00:34:54

Health: -25/147    AC: 25    Str: 30    XL:     15   Next: 18%
Magic:  14/14      EV: 14    Int:  6    God:
Gold:   1923       SH: 16    Dex: 11    Spells: 14/14 levels left

rFire    . . .     SeeInvis .   a - +1 trident (flame)
rCold    . . .     Faith    .   c - +1 kite shield
rNeg     + . .     Spirit   .   Z - +3 chain mail of Qyast {Str+5 Stlth-}
rPois    .         Reflect  .   (helmet restricted)
rElec    .         Harm     .   v - +2 cloak
rCorr    .         Rampage  .   K - +0 pair of gloves
Will     +....                  (no boots)
Stlth    ..........             (no amulet)
HPRegen  0.34/turn              P - ring of positive energy
MPRegen  0.14/turn              G - +4 ring of protection

@: studying Maces & Flails
A: retaliatory headbutt, horns 2
a: no special abilities


You were on level 15 of the Dungeon.
You visited 3 branches of the dungeon, and saw 22 of its levels.

You collected 1923 gold pieces.

Inventory:

Hand Weapons
 a - a +1 trident of flaming (weapon)
Missiles
 j - 3 throwing nets
 p - 27 poisoned darts (quivered)
 q - 5 atropa-tipped darts
 J - 12 boomerangs
 T - 8 curare-tipped darts
 U - 8 silver javelins
Armour
 c - a +1 kite shield (worn)
 v - a +2 cloak (worn)
 C - a +0 plate armour
 K - a +0 pair of gloves (worn)
 Z - the +3 chain mail of Qyast (worn) {Str+5 Stlth-}
   (You found it on level 15 of the Dungeon)

   It affects your strength (+5).
   It makes you less stealthy.
Jewellery
 u - an uncursed ring of protection from cold
 z - an uncursed ring of resist corrosion
 D - an uncursed ring of protection from fire
 F - an uncursed ring of protection from cold
 G - a +4 ring of protection (right hand)
 P - a ring of positive energy (left hand)
 Y - an uncursed ring of wizardry
Wands
 n - a wand of flame (58)
 t - a wand of polymorph (14)
 y - a wand of disintegration (27)
 A - a wand of enslavement (11)
 B - a wand of acid (17)
 H - a wand of iceblast (14)
 N - a wand of random effects (26)
 X - a wand of paralysis (13)
Scrolls
 e - 7 scrolls of teleportation
 g - a scroll of blinking
 h - a scroll of fear
 k - 17 scrolls of identify
 l - 4 scrolls of remove curse
 o - 5 scrolls of magic mapping
 r - 4 scrolls of enchant weapon
 s - 3 scrolls of amnesia
 w - 6 scrolls of enchant armour
 x - 2 scrolls of fog
 W - a scroll of holy word
Potions
 d - 4 potions of might
 f - 5 potions of flight
 i - 2 potions of brilliance
 m - a potion of heal wounds
 E - 2 potions of magic
 I - 6 potions of curing
 L - a potion of mutation
 O - a potion of ambrosia
 R - a potion of invisibility
 S - a potion of berserk rage
 V - a potion of cancellation
Books
 b - a manual of Maces & Flails
Miscellaneous
 M - a phial of floods
 Q - a lightning rod (4/4)


   Skills:
 + Level 17.5 Fighting
 - Level 14.0 Polearms
 - Level 14.0 Armour
 - Level 10.0 Dodging
 - Level 15.0 Shields


You had 14 spell levels left.
You didn't know any spells.
Your spell library contained the following spells:

 Spells                   Type           Power        Failure   Level
 Corona                   Hex            0%           86%         1
 Ensorcelled Hibernation  Hex/Ice        0%           94%         2
 Confusing Touch          Hex            0%           99%         3
 Dazzling Flash           Conj/Hex       0%           99%         3
 Tukima's Dance           Hex            0%           99%         3
 Summon Lightning Spire   Summ/Air       0%           100%        4
 Silence                  Hex/Air        0%           100%        5
 Summon Demon             Summ           0%           100%        5
 Summon Forest            Summ/Tloc      0%           100%        5
 Summon Mana Viper        Hex/Summ       0%           100%        5
 Conjure Ball Lightning   Conj/Air       0%           100%        6
 Shadow Creatures         Summ           N/A          100%        6
 Summon Hydra             Summ           0%           100%        7
 Tornado                  Air            0%           100%        9


Dungeon Overview and Level Annotations

Branches:
Dungeon (15/15)            Temple (1/1) D:5            Lair (6/6) D:11
  Swamp (0/4) Lair:3       Spider (0/4) Lair:3        Slime (0/5) Lair:6
    Orc (0/2) D:10         Vaults (0/5) D:14         Depths (0/5) D:15

Altars:
Ashenzari
Dithmenos
Gozag
Nemelex Xobeh
Sif Muna
Uskayaw
Wu Jian
Jiyva

Annotations:
D:4 2 transporters, zergursh's ghost, amateur OgHu


Innate Abilities, Weirdness & Mutations

You reflexively headbutt those who attack you in melee.
You have a pair of horns on your head.


Message History

You hit the fire giant. You headbutt the fire giant!
The fire giant is lightly wounded.
The fire giant hits you with a +2 great sword of flaming.
* * * LOW HITPOINT WARNING * * *
The fire giant burns you.
* * * LOW HITPOINT WARNING * * *
Unknown command.
Unknown command.
You feel much better.
The fire giant hits you with a +2 great sword of flaming!
* * * LOW HITPOINT WARNING * * *
The fire giant burns you.
* * * LOW HITPOINT WARNING * * *
You barely miss the fire giant.
The fire giant is lightly wounded.
You puncture the fire giant! You headbutt the fire giant!
The fire giant is heavily wounded.
The fire giant gestures at you while chanting.
The bolt of fire hits you!!!
You die...

.........# #..#
.........################..#
...........................#
#############............(.#
#############..##########.(#
.......................[.(.#
...........................#
.................§..######(#
............≈≈.≈@≈§§§## #(#
.............≈≈C§§....# #)#
........§.§.#§.≈§§#.≈.####)#
..........≈≈≈≈§.§≈≈≈§....))#
..........≈≈≈≈...§≈≈≈......#
#######...≈#≈..>.§§#≈§.....#
#...≈≈≈≈...≈§§≈......#
#...§≈≈≈≈.≈≈≈≈≈......#
#######...≈.#≈§§≈≈#.≈......#


You could see a fire giant.

Vanquished Creatures
  Kirke (D:14)
  An ogre mage (D:14)
  Harold (D:7)
  5 boulder beetles
  A rakshasa (D:15)
  8 hydras
  3 centaur warriors
  5 two-headed ogres
  3 death yaks (Lair:5)
  Sonja (Lair:5)
  An unseen horror (D:15)
  A wizard (D:15)
  Pikel (D:7)
  An orc knight (D:11)
  A lindwurm (Lair:4)
  21 ugly things
  A deep elf mage (D:13)
  An oklob plant (Lair:6)
  A manticore (D:12)
  5 elephants
  5 cyclopes
  8 black mambas
  2 gargoyles
  22 cane toads
  5 centaur skeletons
  Maggie (D:8)
  3 efreet
  2 kobold demonologists
  A freezing wraith (D:15)
  9 komodo dragons
  2 trolls
  3 tengu conjurers (D:14)
  3 polar bears
  5 tyrant leeches
  A jumping spider (shapeshifter) (D:14)
  3 hornets
  4 dream sheep (Lair:6)
  12 blink frogs
  Grinder (D:5)
  A meliai zombie (D:14)
  Sigmund (D:5)
  3 vampires
  2 shadows (D:15)
  3 wraiths
  43 yaks
  5 wyverns
  4 basilisks
  Eustachio (D:5)
  2 hogs (D:14)
  11 vampire mosquitoes
  An acid dragon (D:12)
  9 water moccasins
  16 orc warriors
  2 black bears
  3 sky beasts
  6 ogres
  An eye of draining (D:13)
  A necrophage (D:7)
  8 wolves
  9 centaurs
  2 lemures
  4 big kobolds
  35 bullfrogs
  4 scorpions
  4 wights (D:14)
  5 electric eels
  4 howler monkeys
  4 centaur zombies
  3 jellies
  2 quasits
  A bullfrog zombie (D:12)
  17 orc priests
  14 hounds
  5 bullfrog skeletons
  Jessica (D:3)
  9 worker ants
  4 iguanas
  24 orc wizards
  A killer bee zombie (D:10)
  A hound zombie (D:10)
  A worker ant zombie (D:11)
  4 gnolls (D:6)
  A howler monkey skeleton (D:6)
  13 adders
  A shadow imp (D:6)
  2 white imps
  3 ufetubi
  An ooze (D:1)
  An adder zombie (D:6)
  2 adder skeletons
  2 worms (D:2)
  3 dart slugs
  5 leopard geckos
  62 orcs
  A ball python (D:7)
  7 bats
  9 giant cockroaches
  7 goblins
  3 hobgoblins
  29 jackals
  32 kobolds
  6 quokkas
  10 frilled lizards
  10 rats
646 creatures vanquished.

Vanquished Creatures (others)
  A troll (D:13)
  3 humans (D:13)
  49 fungi
  131 plants
184 creatures vanquished.

Grand Total: 830 creatures vanquished

Notes
Turn   | Place    | Note
-------+----------+-------------------------------------------
     0 | D:1      | MisterFreud the Minotaur Fighter began the quest for the
                  | Orb.
     0 | D:1      | Reached XP level 1. HP: 19/19 MP: 0/0
    94 | D:1      | Reached XP level 2. HP: 26/26 MP: 1/1
   831 | D:2      | Reached XP level 3. HP: 31/31 MP: 2/2
   980 | D:2      | Reached skill level 5 in Polearms
  1046 | D:2      | Reached XP level 4. HP: 32/39 MP: 3/3
  1601 | D:3      | Noticed Jessica
  1607 | D:3      | Killed Jessica
  1656 | D:3      | Found a shimmering blue altar of Sif Muna.
  1673 | D:3      | Reached XP level 5. HP: 32/45 MP: 4/4
  2231 | D:3      | Reached XP level 6. HP: 28/51 MP: 5/5
  2942 | D:4      | Reached skill level 4 in Fighting
  3003 | D:4      | Found an opulent altar of Gozag.
  3047 | D:4      | Found a transporter.
  3239 | D:4      | Reached XP level 7. HP: 55/59 MP: 6/6
  3717 | D:4      | Noticed zergursh's ghost (amateur OgHu)
  3719 | D:4      | Found a transporter.
  3792 | D:5      | Entered Level 5 of the Dungeon
  3866 | D:5      | Found a sparkling altar of Nemelex Xobeh.
  3922 | D:5      | Noticed Sigmund
  3947 | D:5      | Killed Sigmund
  4256 | D:5      | Reached skill level 5 in Fighting
  4256 | D:5      | Reached skill level 5 in Armour
  4256 | D:5      | Reached skill level 5 in Shields
  4472 | D:5      | Noticed Eustachio
  4472 | D:5      | Noticed Grinder
  4487 | D:5      | Paralysed by Grinder for 5 turns
  4495 | D:5      | Killed Grinder
  4496 | D:5      | Reached XP level 8. HP: 16/69 MP: 7/7
  4814 | D:5      | Found a staircase to the Ecumenical Temple.
  5297 | D:5      | Killed Eustachio
  5469 | D:5      | Reached skill level 6 in Fighting
  5711 | D:6      | HP: 3/70 [worker ant (3)]
  5713 | D:6      | HP: 1/70 [poisoned by a worker ant]
  6003 | D:5      | Reached skill level 10 in Polearms
  6143 | Temple   | Entered the Ecumenical Temple
  6690 | D:6      | Reached XP level 9. HP: 69/75 MP: 8/8
  7242 | D:7      | Noticed Pikel
  7281 | D:7      | Killed Pikel
  7455 | D:7      | Noticed Harold
  8517 | D:8      | Noticed Maggie
  8533 | D:8      | Killed Maggie
  9263 | D:9      | Reached XP level 10. HP: 83/83 MP: 9/9
  9582 | D:9      | Found a shadowy altar of Dithmenos.
  9586 | D:9      | Got a coiled brass ring
  9588 | D:9      | Identified the ring "Tischekk" {Fire Int+3} (You found it
                  | on level 9 of the Dungeon)
  9936 | D:10     | Entered Level 10 of the Dungeon
 10023 | D:10     | Found a staircase to the Orcish Mines.
 10282 | D:10     | Reached skill level 10 in Armour
 10569 | D:10     | Paralysed by a hornet for 2 turns
 10591 | D:10     | Reached skill level 7 in Fighting
 11237 | D:10     | Noticed a gargoyle
 11244 | D:10     | Killed a gargoyle
 11245 | D:10     | Reached skill level 8 in Fighting
 11620 | D:11     | Noticed a five-headed hydra
 11633 | D:11     | Killed a five-headed hydra
 11634 | D:11     | Reached XP level 11. HP: 75/95 MP: 10/10
 11749 | D:11     | Noticed an orc knight
 11776 | D:11     | Killed an orc knight
 11777 | D:11     | Reached skill level 9 in Fighting
 11928 | D:11     | Noticed a boulder beetle
 11961 | D:11     | Killed a boulder beetle
 12206 | D:11     | Found a staircase to the Lair.
 12503 | D:11     | Reached skill level 10 in Fighting
 12503 | D:11     | Reached skill level 10 in Shields
 12562 | D:11     | Noticed a two-headed ogre
 12574 | D:11     | Killed a two-headed ogre
 12675 | D:12     | Noticed a white ugly thing
 12687 | D:12     | Killed a brown ugly thing
 13085 | D:12     | Noticed a purple ugly thing
 13095 | D:12     | Killed a purple ugly thing
 13303 | D:12     | Reached skill level 11 in Fighting
 13591 | D:12     | Found a hide-covered altar of Uskayaw.
 13591 | D:12     | Found an ornate altar of the Wu Jian Council.
 13591 | D:12     | Noticed a boulder beetle
 13627 | D:12     | Killed a boulder beetle
 13958 | D:12     | Reached XP level 12. HP: 110/110 MP: 11/11
 14326 | Lair:1   | Entered Level 1 of the Lair of Beasts
 14713 | Lair:1   | Noticed a four-headed hydra
 14846 | Lair:1   | Killed a four-headed hydra
 15707 | Lair:2   | Reached skill level 12 in Fighting
 16811 | Lair:3   | Found a staircase to the Swamp.
 16821 | Lair:3   | Found a hole to the Spider Nest.
 17865 | Lair:4   | Noticed an eight-headed hydra
 17882 | Lair:4   | Killed an eight-headed hydra
 18061 | Lair:4   | Reached skill level 13 in Fighting
 18206 | Lair:4   | Noticed an eight-headed hydra
 18212 | Lair:4   | Killed an eight-headed hydra
 18213 | Lair:4   | Reached XP level 13. HP: 118/122 MP: 12/12
 19517 | Lair:5   | Noticed Sonja
 19521 | Lair:5   | Killed Sonja
 20528 | Lair:6   | Entered Level 6 of the Lair of Beasts
 20562 | Lair:6   | Reached skill level 14 in Fighting
 21254 | Lair:6   | Reached skill level 15 in Shields
 21275 | Lair:5   | Reached skill level 1 in Dodging
 22682 | Lair:5   | Reached XP level 14. HP: 124/133 MP: 13/13
 22713 | Lair:6   | Found a staircase to the Slime Pits.
 22713 | Lair:6   | Found a viscous altar of Jiyva.
 23358 | Lair:6   | Reached skill level 5 in Dodging
 24382 | D:7      | Killed Harold
 24891 | D:13     | Reached skill level 15 in Fighting
 24950 | D:13     | You fall into a shaft and drop 2 floors!
 24950 | D:15     | Entered Level 15 of the Dungeon
 25299 | D:15     | Paralysed by a hornet for 1 turns
 26065 | D:14     | Found a gate to the Vaults.
 26080 | D:14     | Reached skill level 16 in Fighting
 26333 | D:14     | Found a broken altar of Ashenzari.
 26770 | D:13     | Noticed Kirke
 26834 | D:14     | Killed Kirke
 27491 | D:13     | Found a hide-covered altar of Uskayaw.
 27977 | D:15     | Reached XP level 15. HP: 146/146 MP: 14/14
 27994 | D:15     | Reached skill level 10 in Dodging
 28006 | D:15     | Reached skill level 17 in Fighting
 28477 | D:15     | Got a fading chain mail
 28478 | D:15     | Identified the +3 chain mail of Qyast {Str+5 Stlth-} (You
                  | found it on level 15 of the Dungeon)
 28616 | D:15     | Found a staircase to the Depths.
 28617 | D:15     | Noticed a fire giant
 28859 | D:15     | Killed from afar by a fire giant

Illustrated notes

Levels and vault maps discovered:
D:1:      elethiomel_arrival_infinity_welcomes_careful_drivers,
          layout_loops_ring
D:2:      layout_basic, kennysheep_generic_room_8
D:3:      layout_loops_ring, led_sif_book, uniq_jessica
D:4:      layout_loops_ring, gammafunk_ghost_smash,
          nicolae_gozag_cash_rules_everything_around_me
D:5:      layout_loops_corners, kennysheep_little_box,
          minmay_temple_entry_statues_pillars, uniq_eustachio, uniq_sigmund,
          uniq_grinder
D:6:      layout_basic, minmay_manual_monolith
D:7:      layout_basic, serial_bayou, serial_bayou_pond_d, serial_bayou_pond_e,
          serial_bayou_crossing, serial_bayou_pond_c, uniq_harold, uniq_pikel
D:8:      layout_basic, uniq_maggie
D:9:      layout_rooms, kennysheep_diamond, grunt_dithmenos_smoke
D:10:     layout_roguey, david_orc_2, lemuel_flamethrower_1
D:11:     layout_roguey, david_lair_generic, minmay_diamond_spiral
D:12:     layout_irregular_city, drop_trap, nzn_masters_of_martial_movement
D:13:     layout_rooms, david_defended_altar_elf, uniq_kirke
D:14:     layout_basic, david_vaults_2, hangedman_decor_push,
          evilmike_ruin_ashenzari
D:15:     grunt_enter_depths_giant_problem, layout_long_grid,
          chequers_serial_rivers_micro_e, chequers_avenue
Temple:   kilobyte_greek_temple
Lair:1:   layout_gridlike, grunt_megastairs_1
Lair:2:   layout_concentric_octagons, serial_bayou_ford_a,
          chequers_serial_rivers_micro_b, lemuel_fruit_fields,
          grunt_megastairs_5, serial_bayou_shore_a
Lair:3:   layout_long_grid, swamp_mist, spider_nest_entry_web_field,
          chequers_serial_rivers_marsh
Lair:4:   layout_roguey
Lair:5:   layout_loops_ring, lookout_lair_type, uniq_sonja
Lair:6:   minmay_lair_end_frog_pond, layout_layer_cave, slime_altar_1,
          gauntlet_entry_generic, small_statue_intersection, serial_bayou_pond_b

Skill      XL: |  1  2  3  4  5  6  7  8  9 10 11 12 13 14 15 |
---------------+----------------------------------------------+-----
Polearms       | 3 4 5 6 7 8 9 11 14 | 14.0
Fighting       | 4 5 6 8 11 13 14 16 17 | 17.5
Armour         | 4 5 6 7 10 11 13 14 | 14.0
Shields        | 4 5 6 8 11 13 15 | 15.0
Dodging        | 4 9 10 | 10.0

Action                   |  1- 3 |  4- 6 |  7- 9 | 10-12 | 13-15 || total
-------------------------+-------+-------+-------+-------+-------++-------
Melee: Trident           |    88 |   235 |   428 |  1176 |  1384 ||  3311
       Headbutt          |    11 |    32 |    58 |   211 |   340 ||   652
Throw: Dart              |       |       |     5 |       |     1 ||     6
Evoke: Wand              |       |       |       |     9 |     4 ||    13
  Use: Scroll            |       |       |    11 |    10 |    10 ||    31
       Potion            |       |       |     3 |       |     2 ||     5
 Stab: Distracted        |       |     1 |     1 |       |       ||     2
Armor: Scale mail        |    23 |    42 |    49 |       |       ||   114
       Chain mail        |       |       |    56 |       |     1 ||    57
       Plate armour      |       |       |    16 |   340 |   366 ||   722
Dodge: Dodged            |    18 |    36 |    71 |   138 |   226 ||   489
Block: Kite shield       |    29 |    61 |   169 |   431 |   568 ||  1258
